 Dungeon Crawl Stone Soup version 0.31-a0-848-gaac375c287 (webtiles) character file.

Game seed: 10807751693130141835

751 ytrimaz the Ruffian (level 7, -1/48 HPs)
             Began as a Demonspawn Shapeshifter on Oct 4, 2023.
             Slain by a sky beast (5 damage)
             ... on level 5 of the Dungeon.
             The game lasted 00:04:50 (4365 turns).

ytrimaz the Ruffian (Demonspawn Shapeshifter)       Turns: 4365, Time: 00:04:51

Health: -1/48      AC:  8    Str: 15    XL:     7   Next: 49%
Magic:  7/7        EV: 11    Int: 11    God:
Gold:   183        SH:  0    Dex: 14    Spells: 6/6 levels left

rFire   . .          .
                       - Unarmed
rCold   . . .        (no shield)
rNeg    . . .        q - +0 ring mail
rPois   .            (helmet currently unavailable)
rElec   .            (cloak currently unavailable)
rCorr   .            (gloves currently unavailable)
SInv    .            (boots currently unavailable)
Will    .....        (no amulet)
Stlth   +            (no ring)
HPRegen 0.28/turn    (no ring)
MPRegen 0.20/turn

%: no passive effects
@: mighty, beast-form
A: beast (slay +3), thin metallic scales 2, magic regeneration
a: Begin Untransformation


You were on level 5 of the Dungeon.
You were a hulking beast.
You visited 1 branch of the dungeon, and saw 5 of its levels.
You also visited: Sewer.

You collected 183 gold pieces.


Innate Abilities, Weirdness & Mutations

You are a hulking beast.
Your limbs bulge with bestial killing power. (Slay +3)
You are mostly covered in thin metallic scales. (AC +3)
You regenerate magic rapidly.


   Skills:
 - Level 1.0 Fighting
 - Level 1.7 Dodging
 + Level 6.0 Unarmed Combat
 + Level 5.6 Shapeshifting


You had 6 spell levels left.
You didn't know any spells.
Your spell library contained the following spells:

 Spells                   Type           Power      Damage    Failure   Level
 Stone Arrow              Conj/Erth      0%         3d7       91%         3
 Animate Armour           Summ/Erth      0%         N/A       100%        4
 Lehudib's Crystal Spear  Conj/Erth      0%         10d2      100%        8

Inventory:

Armour
 a - a +0 animal skin
 q - a +0 ring mail (worn)
   (You found it on level 2 of the Dungeon)
 s - a scarf of resistance
   (You found it on level 3 of the Dungeon)
Jewellery
 b - a +6 ring of strength
   (You found it on level 4 of the Dungeon)
 m - a +6 ring of intelligence
   (You found it on level 1 of the Dungeon)
 o - a ring of wizardry
   (You found it on level 1 of the Dungeon)
Talismans
 c - a beast talisman (active)
 d - a flux talisman
 r - a serpent talisman
   (You found it on level 3 of the Dungeon)
Wands
 x - a wand of light (8)
   (You found it in a sewer)
Scrolls
 e - 3 scrolls of brand weapon
 g - 4 scrolls of teleportation
 j - a scroll of revelation {unknown}
 p - a scroll of acquirement {unknown}
 t - 2 scrolls of torment {unknown}
 u - a scroll of immolation {unknown}
 v - 2 scrolls of fear {unknown}
 y - a scroll of enchant weapon {unknown}
Potions
 f - a potion of mutation {unknown}
 i - a potion of invisibility {unknown}
 k - 2 potions of heal wounds
 l - 2 potions of curing
 n - 3 potions of cancellation {unknown}
 w - a potion of enlightenment {unknown}
 z - a potion of brilliance {unknown}

Dungeon Overview and Level Annotations

Branches:
Dungeon (5/15) Zot: 26548   Sewer (visited)
 Temple: D:4-7

Altars:
Cheibriados
Kikubaaqudgha

####................###
##...........##....##
+...........##.....#
##.......#.......###
........##..#####
#..##..........### ..
###.........#
...#####.......###
.......#h......#
.......Y#.....##
...........####
...........#
...........#
...........#
.....##..### ....# ####
#...


You could see a sky beast.


Message History

The centaur shoots an arrow.
The arrow hits you.
* * * LOW HITPOINT WARNING * * *
Something hits you but does no damage. 😨 HP[-12]
You take 12 damage, and now have 16/48 hp.
MASSIVE DAMAGE!! (PAUSE) Unknown command.
The centaur shoots an arrow.
The arrow hits you!
* * * LOW HITPOINT WARNING * * *
😱 HP[-7]
You take 7 damage, and now have 9/48 hp.
Unknown command.
Unknown command.
You feel much better.
The centaur shoots an arrow.
The arrow hits you but does no damage. 😮 HP[+26]
You regained 26 hp, and now have 35/48 hp.
Okay, then.
You feel very mighty all of a sudden.
Unknown command.
You hit the scorpion. The scorpion stings you.
You are poisoned.
The scorpion poisons you!
A sky beast appears from thin air!
Reactivating autopickup.
The scorpion closely misses you. 😮 HP[-1]
You take 1 damage, and now have 34/48 hp.
You hit the scorpion.
You feel very sick.
The sky beast flickers out of sight!
Deactivating autopickup; reactivate with Ctrl-A.
The scorpion stings you. 😮 HP[-9]
You take 9 damage, and now have 25/48 hp.
You barely miss the scorpion.
You feel very sick.
The scorpion barely misses you. 😨 HP[-3]
You take 3 damage, and now have 22/48 hp.
Unknown command.
You punch the scorpion!
You feel sick. The scorpion stings you.
* * * LOW HITPOINT WARNING * * *
😨 HP[-6]
You take 6 damage, and now have 16/48 hp.
Unknown command.
You closely miss the scorpion. You punch the scorpion.
You kill the scorpion!
You feel sick.
The centaur shoots an arrow.
The arrow hits you!
* * * LOW HITPOINT WARNING * * *
The centaur shoots an arrow.
The arrow barely misses you. 😱 HP[-8]
You take 8 damage, and now have 8/48 hp.
You feel better.
The centaur shoots an arrow.
The arrow hits you but does no damage. 😨 HP[+5]
You regained 5 hp, and now have 13/48 hp.
The centaur unwields a +0 shortbow.
The centaur closely misses you.
The centaur kicks you but does no damage.
The centaur hits you but does no damage.
The centaur kicks you but does no damage.
You closely miss the centaur.
The centaur hits you but does no damage.
The centaur barely misses you. 😨 HP[+1]
You punch the centaur!
The centaur hits you but does no damage.
The centaur closely misses you.
You barely miss the centaur. The centaur misses you.
The centaur kicks you but does no damage.
The centaur barely misses you.
The centaur kicks you but does no damage.
You closely miss the centaur. The centaur barely misses you.
The centaur kicks you.
* * * LOW HITPOINT WARNING * * *
😱 HP[-2]
You take 2 damage, and now have 12/48 hp.
You punch the centaur!
You kill the centaur!
Your Unarmed Combat skill increases to level 6! 😨 HP[+1]
Something hits you but does no damage.
You see here a +0 shortbow.
Unknown command.
Unknown command.
You hit something. Something hits you.
* * * LOW HITPOINT WARNING * * *
Something shocks you.
* * * LOW HITPOINT WARNING * * *
😱 HP[-7]
You take 7 damage, and now have 6/48 hp.
You closely miss something.
A sky beast appears from thin air!
Reactivating autopickup.
The sky beast hits you but does no damage. 😱 HP[+1]
You barely miss the sky beast. The sky beast barely misses you.
Unknown command.
You pummel the sky beast!! The sky beast hits you.
* * * LOW HITPOINT WARNING * * *
The sky beast shocks you.
You die...

Skill      XL: |  1  2  3  4  5  6  7 |
---------------+----------------------+-----
Unarmed Combat | 3 4 5 6 |  6.0
Shapeshifting  | 3 4 5 |  5.6
Fighting       | |  1.0
Dodging        | |  1.7

Action                     |  1- 3 |  4- 6 |  7- 9 || total
---------------------------+-------+-------+-------++-------
  Melee: Unarmed           |   148 |   204 |    40 ||   392
         Punch             |     4 |     4 |     1 ||     9
    Use: Potion            |       |     2 |     3 ||     5
         Scroll            |       |       |     5 ||     5
   Stab: Sleeping          |     1 |       |       ||     1
 Armour: Animal skin       |    32 |       |       ||    32
         Ring mail         |    40 |   131 |    29 ||   200
         Skin              |       |   150 |    19 ||   169
  Dodge: Dodged            |    77 |   124 |    22 ||   223

Levels and vault maps discovered:
D:1:      minmay_arrival_widening_spiral_wide, layout_rooms,
          hellmonk_ecumenical_altar_crossroads, serial_curves, eino_curves_02,
          eino_curves_04, minmay_octomino_j4
D:2:      layout_basic, chequers_serial_rivers_room_b, minmay_worlds_worst_comb
D:3:      layout_loops_ring, slow_altar_1, mainiacjoe_overflow_24_doors
D:4:      layout_loops_corners, portal_sewer_entry_f
D:5:      layout_cave_pools, overflow_temple_1_default,
          minmay_overflow_temple_star_quad

Notes
Turn   | Place    | Note
-------+----------+-------------------------------------------
     0 | D:1      | ytrimaz the Demonspawn Shapeshifter began the quest for the
                  | Orb.
     0 | D:1      | Reached XP level 1. HP: 15/15 MP: 1/1
     0 | D:1      | magus.rc [v1.9.6]
   175 | D:1      | Reached skill level 3 in Unarmed Combat
   201 | D:1      | You pick up a book of Armaments and begin reading...
   201 | D:1      | You add the spells Stone Arrow, Animate Armour and
                  | Lehudib's Crystal Spear to your library.
   218 | D:1      | Gained mutation: You regenerate magic rapidly. [demonic
                  | ancestry]
   218 | D:1      | Reached XP level 2. HP: 17/21 MP: 2/2
   300 | D:1      | Reached skill level 3 in Shapeshifting
   477 | D:1      | Found a faded altar of an unknown god.
  1022 | D:2      | Gained mutation: You are partially covered in thin metallic
                  | scales. (AC +2) [demonic ancestry]
  1022 | D:2      | Reached XP level 3. HP: 20/26 MP: 3/3
  1735 | D:3      | Found an ancient bone altar of Kikubaaqudgha.
  1858 | D:3      | Found a snail-covered altar of Cheibriados.
  1870 | D:3      | Reached XP level 4. HP: 21/32 MP: 4/4
  2179 | D:3      | Noticed an ice beast
  2191 | D:3      | Killed an ice beast
  2192 | D:3      | Reached skill level 4 in Unarmed Combat
  2192 | D:3      | Reached skill level 4 in Shapeshifting
  2192 | D:3      | Reached XP level 5. HP: 25/37 MP: 5/5
  2914 | D:4      | Reached XP level 6. HP: 35/43 MP: 6/6
  2978 | D:4      | Found a glowing drain.
  3000 | Sewer    | Entered a sewer
  3037 | Sewer    | Reached skill level 5 in Unarmed Combat
  3597 | Sewer    | Reached skill level 5 in Shapeshifting
  3599 | Sewer    | HP: 16/64 [bullfrog (5)]
  3604 | Sewer    | HP: 15/64 [ball python (1)]
  3607 | Sewer    | Gained mutation: You are mostly covered in thin metallic
                  | scales. (AC +3) [demonic ancestry]
  3607 | Sewer    | Reached XP level 7. HP: 10/48 MP: 7/7
  3608 | Sewer    | HP: 7/72 [adder (1)]
  3987 | D:4      | Identified the +6 dagger of the Onslaught {heavy, rN+}
  4270 | D:5      | Entered Level 5 of the Dungeon
  4344 | D:5      | HP: 9/48 [centaur/arrow (8)]
  4352 | D:5      | HP: 8/48 [centaur/arrow (8)]
  4358 | D:5      | HP: 12/48 [centaur (2)]
  4360 | D:5      | Reached skill level 6 in Unarmed Combat
  4365 | D:5      | HP: 4/48 [sky beast (3)]
  4365 | D:5      | Slain by a sky beast

Vanquished Creatures
  An ice beast (D:3)
  A centaur (D:5)
  2 bullfrogs (Sewer)
  A scorpion (D:5)
  An iron imp (D:3)
  2 orc wizards (D:4)
  2 iguanas
  8 adders
  8 river rats (Sewer)
  A worm (D:2)
  A dart slug (D:4)
  10 orcs
  4 endoplasms
  14 giant cockroaches
  7 goblins
  3 hobgoblins
  7 quokkas
  13 ball pythons
  4 bats
  2 frilled lizards
  8 kobolds
  23 rats
123 creatures vanquished.

Table legend:
 A = Non-vault XP
 B = Vault XP
 C = Vault XP percentage of total XP
 D = Non-vault monster count
 E = Vault monster count
 F = Vault count percentage of total count
                 A         B        C        D         E       F
            +---------+---------+-------+---------+---------+-------
      Total |     614 |     459 |  42.8 |      65 |      58 |  47.2
            +---------+---------+-------+---------+---------+-------
        D:1 |      30 |       6 |  16.7 |      21 |       3 |  12.5
        D:2 |      30 |       8 |  21.1 |       9 |       4 |  30.8
        D:3 |     154 |      40 |  20.6 |      10 |       1 |   9.1
        D:4 |     165 |      12 |   6.8 |      22 |       6 |  21.4
        D:5 |     235 |       0 |   0.0 |       3 |       0 |   0.0
      Sewer |       0 |     393 | 100.0 |       0 |      44 | 100.0
            +---------+---------+-------+---------+---------+-------

Skill      XL: |  1  2  3  4  5  6  7 |
---------------+----------------------+-----
Unarmed Combat | 3 4 5 6 |  6.0
Shapeshifting  | 3 4 5 |  5.6
Fighting       | |  1.0
Dodging        | |  1.7

Action                     |  1- 3 |  4- 6 |  7- 9 || total
---------------------------+-------+-------+-------++-------
  Melee: Unarmed           |   148 |   204 |    40 ||   392
         Punch             |     4 |     4 |     1 ||     9
    Use: Potion            |       |     2 |     3 ||     5
         Scroll            |       |       |     5 ||     5
   Stab: Sleeping          |     1 |       |       ||     1
 Armour: Animal skin       |    32 |       |       ||    32
         Ring mail         |    40 |   131 |    29 ||   200
         Skin              |       |   150 |    19 ||   169
  Dodge: Dodged            |    77 |   124 |    22 ||   223

Illustrated notes

Table legend:
 A = Kills in this place as a percentage of kills in the entire game.
 B = Kills by you in this place as a percentage of kills by you in the entire game.
 C = Kills by friends in this place as a percentage of kills by friends in the entire game.
 D = Other kills in this place as a percentage of other kills in the entire game.
 E = Experience gained in this place as a percentage of experience gained in the entire game.
 F = Experience gained in this place divided by the number of levels of this place that you have seen.
                   A       B       C       D       E      F
               +-------+-------+-------+-------+-------+----------------------
         Total | 100.0 | 100.0 |   N/A |   N/A | 100.0 | 178.8
       Dungeon |  64.2 |  64.2 |   N/A |   N/A |  63.4 | 136.0
         Sewer |  35.8 |  35.8 |   N/A |   N/A |  36.6 | 393.0
               +-------+-------+-------+-------+-------+----------------------

Table legend: (Time is in decaauts)
 A = Elapsed time spent in this place.
 B = Non-inter-level travel time spent in this place.
 C = Inter-level travel time spent in this place.
 D = Time resting spent in this place.
 E = Time spent auto-exploring this place.
 F = Levels seen in this place.
 G = Mean time per level.
                   A        B        C        D        E       F      G
               +--------+--------+--------+--------+--------+-----+--------+
         Total |   4374 |   4266 |    108 |    484 |   2933 |   6 |  729.0 |
       Dungeon |   3450 |   3342 |    108 |      0 |   2687 |   5 |  690.0 |
         Sewer |    923 |    923 |      0 |    484 |    246 |   1 |  923.0 |
               +--------+--------+--------+--------+--------+-----+--------+

Top non-repeatable levels by time:
     D:4: 967 daAuts
   Sewer: 923 daAuts
     D:1: 864 daAuts
     D:3: 823 daAuts
     D:2: 703 daAuts
     D:5: 92 daAuts
